AoeStats
← Lord_Wilfredo

Marketplace

504330107Analyzed
1v1 RM · 27d ago on Sep 4, 2026· 26m 46s· 2 players
Game mode
Random Map
Map size
Tiny (2 player)
Population
200
Speed
Normal
Resources
Standard
Victory
Conquest
Starting age
Dark Age
Ending age
Imperial Age
RankedLock teamsTeams togetherTeam positionsShared explorationLock speedFull tech treeHidden civsTurbo modeCheats
Victory
Defeat
🇫🇷 Dravidians · France
1286
+14
🇦🇷 Byzantines · Argentina
1250
-14
Ouivoilà
6:27 Loom
9:50 Feudal Age
9:52 Man-at-Arms
12:46 Double-Bit Axe
15:20 Fletching
21:17 Castle Age
19:24 Horse Collar
20:35 Scale Mail Armor
21:33 Forging
22:40 Chain Mail Armor
23:27 Squires
24:32 Bow Saw
24:27 Long Swordsman
25:22 Gambesons
26:15 Iron Casting
26:04 Arson
Lord_Wilfredo
8:53 Loom
11:12 Feudal Age
12:53 Double-Bit Axe
22:25 Wheelbarrow
27:41 Castle Age
Connection lost

Rejoining the realm…

Still unreachable

The connection could not be restored.

Session expired

The server has moved on; the page needs a fresh start.